 Dungeon Crawl Stone Soup version 0.25-a0-523-g9afb2ee040 (webtiles) character file.

Game seed: 2848555188334513205, levelgen mode: classic

7361 EnegeticOcto the Cleaver (level 10, -1/96 HPs)
             Began as a Deep Dwarf Fighter on Feb 18, 2020.
             Was a Believer of Makhleb.
             Killed by the air
             ... invoked by a blizzard demon
              (16 damage)
             ... on level 3 of the Abyss.
             The game lasted 00:04:33 (4953 turns).

EnegeticOcto the Cleaver (Deep Dwarf Fighter)       Turns: 4953, Time: 00:04:34

Health: -1/96      AC:  2    Str: 26      XL:     10   Next: 91%
Magic:  5/5        EV: 10    Int: 11 (14) God:    Makhleb [**....]
Gold:   490        SH: 16    Dex: 12 (14) Spells: 9/9 levels left

rFire    + . .     SeeInvis .   a - +1 war axe
rCold    . . .     Gourm    .   c - +0 kite shield
rNeg     . . .     Faith    .   i - +0 chain mail
rPois    .         Spirit   .   (no helmet)
rElec    .         Reflect  +   (no cloak)
rCorr    .         Harm     .   o - +1 pair of gloves
MR       +....                  (no boots)
Stlth    ..........             m - +5 amulet of reflection
HPRegen  0.00/turn              r - ring "Isout" {*Corrode rF+ Str+4 Int+4 Dex+2}
MPRegen  0.09/turn              (no ring)

@: corroded, non-regenerating
A: damage resistance, heal wounds, molten scales 1, blurry vision 1, sense
surroundings 2, no regeneration
a: Heal Wounds, Minor Destruction, Renounce Religion


You were on level 3 of the Abyss.
You worshipped Makhleb.
Makhleb was pleased with you.
You were not hungry.

You visited 2 branches of the dungeon, and saw 11 of its levels.
You visited the Abyss 1 time.

You collected 490 gold pieces.

Inventory:

Hand Weapons
 a - a +1 war axe (weapon)
Armour
 c - a +0 kite shield (worn)
 i - a +0 chain mail (worn)
 o - a +1 pair of gloves (worn)
Jewellery
 m - a +5 amulet of reflection (around neck)
 r - the ring "Isout" (left hand) {*Corrode rF+ Str+4 Int+4 Dex+2}
   (You found it on level 5 of the Dungeon)

   [ring of protection from fire]

   It affects your strength (+4).
   It affects your intelligence (+4).
   It affects your dexterity (+2).
   It protects you from fire.
   It may corrode you when you take damage.
Wands
 s - a wand of acid (10) {@V1}
 u - a wand of iceblast (16)
 w - a wand of polymorph (5)
 x - a wand of digging (4) {@V2}
Scrolls
 d - 7 scrolls of teleportation {@r2}
 f - 8 scrolls of identify {@r1}
 h - a scroll of enchant weapon
Potions
 j - a potion of brilliance
 l - a potion of degeneration
 n - a potion of lignification {@q7}
 v - a potion of heal wounds {@q2}
Comestibles
 e - 17 rations


   Skills:
 * Level 8.2 Fighting
 * Level 9.5 Axes
 + Level 7.2 Armour
 + Level 6.3 Dodging
 + Level 7.2 Shields
 * Level 8.0 Invocations


You had 9 spell levels left.
You didn't know any spells.
Your spell library contained the following spells:

 Spells                   Type           Power        Failure   Level  Hunger
 Foxfire                  Conj/Fire      #...         99%         1    ##.....
 Magic Dart               Conj           #...         99%         1    ##.....
 Blink                    Tloc           N/A          100%        2    ###....
 Call Imp                 Summ           #.......     100%        2    ###....
 Slow                     Hex            #.......     100%        2    ###....
 Conjure Flame            Conj/Fire      #.......     100%        3    ####...
 Inner Flame              Hex/Fire       #.......     100%        3    ####...
 Mephitic Cloud           Conj/Pois/Air  #.......     100%        3    ####...
 Sticky Flame             Conj/Fire      #.......     100%        4    #####..
 Fireball                 Conj/Fire      #.........   100%        5    ######.


Dungeon Overview and Level Annotations

Branches:
Dungeon (10/15)            Temple (1/1) D:6            Lair (0/6) D:8
    Orc: D:9-12

Altars:
Ashenzari
Cheibriados
Dithmenos
Elyvilon
Gozag
Hepliaklqana
Kikubaaqudgha
Makhleb
Nemelex Xobeh
Okawaru
Qazlal
Ru
Trog
Xom
Yredelemnul
Zin

Shops:
D:6 }

Annotations:
D:10 Urug


Innate Abilities, Weirdness & Mutations

You are resistant to damage.
You can heal yourself by infusing magical energy.
You passively map the area around you.
You do not regenerate.
You are partially covered in molten scales. (AC +2)
Scrolls take you a little longer to read.


Message History

You are too injured to fight recklessly!
You are too injured to fight recklessly!
Your magical essence is drained by the effort!
You feel much better. The blizzard demon barely misses you.
You block the blizzard demon's attack.
Your magical essence is drained by the effort!
You feel much better.
The blizzard demon hits you but does no damage.
You block the blizzard demon's attack.
You hit the blizzard demon.
The blizzard demon is lightly wounded.
The blizzard demon hits you. You block the blizzard demon's attack.
Your shield and chain mail prevent you from hitting the blizzard demon.
The blizzard demon is lightly wounded.
You block the blizzard demon's attack. The blizzard demon hits you!
You barely miss the blizzard demon.
The blizzard demon is lightly wounded.
The blizzard demon waves its arms in wide circles.
The air twists around and strikes you! You block the blizzard demon's attack.
The blizzard demon hits you but does no damage.
Your shield and chain mail prevent you from hitting the blizzard demon.
The blizzard demon is lightly wounded.
You block the blizzard demon's attack. The blizzard demon barely misses you.
You hit the blizzard demon.
The blizzard demon is lightly wounded.
You block the blizzard demon's attack. x2
You closely miss the blizzard demon.
The blizzard demon is lightly wounded.
You block the blizzard demon's attack. The blizzard demon hits you!
You are too injured to fight recklessly!
You are too injured to fight recklessly!
You are too injured to fight recklessly!
You are too injured to fight recklessly!
You feel much better.
You block the blizzard demon's attack. x2
You feel much better.
The blizzard demon waves its arms in wide circles.
The air twists around and strikes you!!
You hit the blizzard demon but do no damage.
The blizzard demon is lightly wounded.
The blizzard demon gestures at you. The freezing blast engulfs you.
You hit the blizzard demon.
The blizzard demon is lightly wounded.
You are engulfed in freezing vapours.
The blizzard demon is engulfed in freezing vapours.
You hit the blizzard demon but do no damage.
The blizzard demon is lightly wounded.
You are engulfed in freezing vapours.
* * * LOW HITPOINT WARNING * * *
The blizzard demon is engulfed in freezing vapours.
The blizzard demon gestures at you. The freezing blast misses you.
You are too injured to fight recklessly!
You are too injured to fight recklessly!
You are too injured to fight recklessly!
You are too injured to fight recklessly!
You are too injured to fight recklessly!
You are too injured to fight recklessly!
You feel much better.
You are engulfed in freezing vapours.
The blizzard demon is engulfed in freezing vapours.
The blizzard demon gestures at you. The bolt of cold misses you.
The blizzard demon hits you but does no damage.
You block the blizzard demon's attack.
You feel much better.
The blizzard demon is engulfed in freezing vapours.
You block the blizzard demon's attack. x2
The blizzard demon is engulfed in freezing vapours.
You block the blizzard demon's attack. The blizzard demon hits you.
You hit the blizzard demon.
The blizzard demon is lightly wounded.
You hit the blizzard demon but do no damage.
The blizzard demon hits you. You block the blizzard demon's attack.
The blizzard demon gestures at you. The bolt of cold misses you.
You hit the blizzard demon but do no damage.
The blizzard demon is lightly wounded.
You barely miss the blizzard demon. The blizzard demon hits you!!
The blizzard demon hits you. The blizzard demon barely misses you.
You block the blizzard demon's attack.
You are too injured to fight recklessly!
You are too injured to fight recklessly!
You are too injured to fight recklessly!
You are too injured to fight recklessly!
You are too injured to fight recklessly!
You are too injured to fight recklessly!
You are too injured to fight recklessly!
You are too injured to fight recklessly!
You fail to use your ability.
The blizzard demon hits you! You block the blizzard demon's attack.
The blizzard demon hits you!
* * * LOW HITPOINT WARNING * * *
The blizzard demon hits you!
* * * LOW HITPOINT WARNING * * *
Your magical essence is drained by the effort!
You feel much better. The blizzard demon hits you!!
* * * LOW HITPOINT WARNING * * *
You block the blizzard demon's attack.
The blizzard demon waves its arms in wide circles.
The air twists around and strikes you!!
You die...

. #.## .
.# .. . #.
.#....#
...#. . .
### 8 ##.#
≈ #.#
##2@#
##....2##
#.####°.≈≈
8≈ x#.
._#. .. #
.. ##.. #
# . ≈ #


You could see 2 blizzard demons.

Vanquished Creatures
  A merfolk impaler (Abyss:3)
  2 smoke demons (Abyss:3)
  A hellion (Abyss:3)
  A hippogriff (D:9)
  A wyvern (D:8)
  A human (D:7)
  3 hogs (D:7)
  6 yaks
  2 hungry ghosts
  A chaos spawn (Abyss:2)
  Edmund (D:5)
  A sky beast (D:6)
  A swamp drake (D:8)
  An orc warrior (D:9)
  2 ice beasts
  4 phantoms
  2 centaurs
  4 ogres
  4 crocodiles
  A big kobold (D:7)
  5 bullfrogs
  Blork the orc (D:5)
  3 scorpions
  4 killer bees (D:7)
  2 howler monkeys (D:6)
  A crimson imp (D:6)
  A centaur zombie (D:5)
  3 centaur skeletons
  2 jellies
  3 orc priests
  2 hounds
  9 orc wizards
  3 iguanas
  3 worker ants
  9 adders
  2 shadow imps
  An adder skeleton (D:6)
  A worm (D:2)
  4 leopard geckos
  17 orcs
  2 bats
  5 giant cockroaches
  7 jackals (D:6)
  6 kobolds
  3 quokkas
  A frilled lizard (D:2)
  A goblin (D:2)
  A jackal skeleton (D:4)
  A jackal zombie (D:6)
  2 quokka skeletons
  A quokka zombie (D:5)
146 creatures vanquished.

Vanquished Creatures (others)
  A basilisk (D:8)
  A centaur (D:8)
2 creatures vanquished.

Grand Total: 148 creatures vanquished

Notes
Turn   | Place    | Note
-------+----------+-------------------------------------------
     0 | D:1      | EnegeticOcto the Deep Dwarf Fighter began the quest for the
                  | Orb.
     0 | D:1      | Reached XP level 1. HP: 20/20 MP: 1/1
    38 | D:2      | Reached XP level 2. HP: 13/27 MP: 2/2
   151 | D:3      | Reached XP level 3. HP: 23/34 MP: 3/3
   201 | D:4      | Noticed a phantom
   257 | D:4      | Killed a phantom
   257 | D:4      | Reached skill level 3 in Axes
   257 | D:4      | Reached skill level 1 in Dodging
   257 | D:4      | Reached XP level 4. HP: 23/42 MP: 4/4
   286 | D:4      | Reached XP level 5. HP: 49/49 MP: 5/5
   443 | D:4      | Reached skill level 4 in Axes
   453 | D:4      | Reached XP level 6. HP: 57/57 MP: 6/6
   510 | D:4      | Found a hazy altar of Hepliaklqana.
   584 | D:4      | Found Ystuwk's Food Shoppe.
   914 | D:4      | Found a snail-covered altar of Cheibriados.
   952 | D:5      | Entered Level 5 of the Dungeon
  1009 | D:5      | Reached XP level 7. HP: 58/66 MP: 6/6
  1066 | D:5      | Reached skill level 5 in Axes
  1160 | D:5      | Got a crude glass ring
  1161 | D:5      | Identified the ring "Isout" {*Corrode rF+ Str+4 Int+4
                  | Dex+2} (You found it on level 5 of the Dungeon)
  1282 | D:5      | Noticed Edmund
  1283 | D:5      | Noticed Blork the orc
  1300 | D:5      | Killed Blork the orc
  1300 | D:5      | Reached skill level 5 in Fighting
  1311 | D:5      | Killed Edmund
  1311 | D:5      | Reached skill level 5 in Armour
  1322 | D:5      | Found an iron altar of Okawaru.
  1356 | D:5      | Reached skill level 5 in Shields
  1356 | D:5      | Reached XP level 8. HP: 33/74 MP: 7/7
  1362 | D:5      | Reached skill level 6 in Axes
  1858 | D:6      | Found a sacrificial altar of Ru.
  1967 | D:6      | Found a staircase to the Ecumenical Temple.
  1976 | Temple   | Entered the Ecumenical Temple
  2047 | Temple   | Became a worshipper of Makhleb the Destroyer
  2099 | D:6      | Reached skill level 1 in Invocations
  2385 | D:6      | Reached skill level 7 in Axes
  2646 | D:6      | Found Jadiugos's Gadget Boutique.
  2994 | D:7      | Gained mutation: You passively map the area around you.
                  | [Deep Dwarf growth]
  2994 | D:7      | Reached XP level 9. HP: 67/82 MP: 10/10
  3083 | D:7      | Found an iron altar of Okawaru.
  3153 | D:7      | Reached * piety under Makhleb
  3419 | D:7      | Reached skill level 5 in Dodging
  3420 | D:7      | Reached skill level 8 in Axes
  3422 | D:7      | Reached skill level 5 in Invocations
  3576 | D:8      | Found a hazy altar of Hepliaklqana.
  4020 | D:8      | Reached XP level 10. HP: 60/94 MP: 13/13
  4026 | D:8      | Reached ** piety under Makhleb
  4045 | D:8      | Found a staircase to the Lair.
  4410 | D:9      | Found a shimmering altar of Xom.
  4413 | D:9      | Found a shimmering altar of Xom.
  4421 | D:9      | Found a shimmering altar of Xom.
  4421 | D:9      | Found a shimmering altar of Xom.
  4422 | D:9      | Found a shimmering altar of Xom.
  4508 | D:9      | Reached skill level 9 in Axes
  4804 | D:10     | Entered Level 10 of the Dungeon
  4804 | D:10     | Noticed Urug
  4805 | D:10     | Noticed a wizard
  4805 | D:10     | Noticed an orc knight
  4816 | D:10     | Cast into level 2 of the Abyss (a wizard)
  4854 | Abyss:3  | Found a corrupted altar of Lugonu.
  4854 | Abyss:3  | Noticed a blizzard demon
  4854 | Abyss:3  | Noticed a smoke demon
  4854 | Abyss:3  | Noticed a merfolk impaler
  4854 | Abyss:3  | Noticed a blizzard demon
  4862 | Abyss:3  | Noticed a smoke demon
  4869 | Abyss:3  | Killed a smoke demon
  4874 | Abyss:3  | Gained mutation: Scrolls take you a little longer to read.
                  | [potion of mutation]
  4874 | Abyss:3  | Gained mutation: You are partially covered in molten
                  | scales. (AC +2) [potion of mutation]
  4879 | Abyss:3  | Killed a smoke demon
  4924 | Abyss:3  | Killed a merfolk impaler
  4925 | Abyss:3  | Found a corrupted altar of Lugonu.
  4953 | Abyss:3  | Killed from afar by a blizzard demon

Levels and vault maps discovered:
D:1:      psy_arrival_spokes, layout_basic
D:2:      layout_basic, hex_intersection, grunt_decor_mini_mirrors,
          minmay_pentomino_pile
D:3:      layout_basic, grunt_temple_overflow_open
D:4:      layout_basic, kennysheep_mini_moat, kennysheep_mini, serial_shops,
          shop_fountains
D:5:      layout_basic, first_ration, basic_altar, lemuel_another_geyser,
          uniq_blork_the_orc, uniq_edmund
D:6:      layout_loops_corners, nicolae_overflow_hidden_temple,
          minmay_temple_entry_trees, serial_shops, shop,
          nicolae_ru_the_path_less_chosen
D:7:      layout_basic, grunt_livestock, grunt_ministairs_1, okawaru_trees_1
D:8:      layout_basic, erik_lair_dragon, basic_altar
D:9:      layout_rooms, xom_redecorated
D:10:     layout_rooms, sword_in_stone
Temple:   jpeg_temple_clearing
Abyss:3:  base: D:5, dshaligram_kb_abyss_rune_zappy_water_cross,
          evilmike_abyss_exit_plants

Skill      XL: |  1  2  3  4  5  6  7  8  9 10 |
---------------+-------------------------------+-----
Fighting       | 3 4 5 6 7 8 |  8.2
Axes           | 3 4 5 7 8 9 |  9.5
Dodging        | 1 2 3 4 5 6 |  6.3
Armour         | 4 5 6 7 |  7.2
Shields        | 4 5 6 7 |  7.2
Invocations    | 2 5 8 |  8.0

Action                   |  1- 3 |  4- 6 |  7- 9 | 10-12 || total
-------------------------+-------+-------+-------+-------++-------
Melee: War axe           |    83 |   139 |   378 |   195 ||   795
 Abil: Heal Wounds       |     2 |     6 |     9 |    30 ||    47
  Use: Scroll            |       |       |    11 |     1 ||    12
       Potion            |       |       |       |     7 ||     7
 Stab: Confused          |       |       |     1 |       ||     1
  Eat: Chunk             |       |       |    12 |     6 ||    18
       Ration            |       |       |     1 |       ||     1
Armor: Scale mail        |    43 |       |       |       ||    43
       Chain mail        |    14 |    68 |   146 |    71 ||   299
Dodge: Dodged            |    37 |    35 |   131 |    66 ||   269
Block: Kite shield       |    51 |    75 |   329 |   227 ||   682
       Reflection        |       |       |     7 |     3 ||    10

Table legend:
 A = Non-vault XP
 B = Vault XP
 C = Vault XP percentage of total XP
 D = Non-vault monster count
 E = Vault monster count
 F = Vault count percentage of total count
                 A         B        C        D         E       F
            +---------+---------+-------+---------+---------+-------
      Total |    6482 |    4034 |  38.4 |     125 |      23 |  15.5
            +---------+---------+-------+---------+---------+-------
        D:2 |      29 |       0 |   0.0 |       8 |       0 |   0.0
        D:3 |      14 |       0 |   0.0 |       2 |       0 |   0.0
        D:4 |     671 |       0 |   0.0 |      18 |       0 |   0.0
        D:5 |     587 |     248 |  29.7 |      12 |       2 |  14.3
        D:6 |    1169 |       0 |   0.0 |      31 |       0 |   0.0
        D:7 |     987 |    1153 |  53.9 |      26 |      12 |  31.6
        D:8 |     114 |     708 |  86.1 |       2 |       6 |  75.0
        D:9 |    2332 |       0 |   0.0 |      24 |       0 |   0.0
    Abyss:2 |     179 |       0 |   0.0 |       1 |       0 |   0.0
    Abyss:3 |     400 |    1925 |  82.8 |       1 |       3 |  75.0
            +---------+---------+-------+---------+---------+-------
